 Dungeon Crawl Stone Soup version 0.31.0-1-g2c135a008e (webtiles) character file.

Game seed: 2731386418799819270

29 qw the Shooter (level 3, -1/29 HPs)
             Began as a Djinni Hunter on Jan 23, 2024.
             Slain by a gnoll
             ... wielding a +0 halberd
              (12 damage)
             ... on level 2 of the Dungeon.
             The game lasted 00:00:02 (738 turns).

qw the Shooter (Djinni Hunter)                       Turns: 738, Time: 00:00:02

Health: -1/29      AC:  3    Str: 10    XL:     3   Next: 32%
Gold:   29         EV: 12    Int: 10    God:
                   SH:  0    Dex: 18

rFire   + + .        a - +0 shortbow
rCold   x . .        (shield currently unavailable)
rNeg    . . .        c - +0 leather armour
rPois   inf          (no helmet)
rElec   .            (no cloak)
rCorr   .            (no gloves)
SInv    .            (boots unavailable)
Will    .....        (no amulet)
Stlth   ++           (no ring)
HPRegen 0.24/turn    (no ring)
MPRegen 0.00/turn

%: infuse magic (-2 HP)
@: flying
A: sickness immunity, fire resistance 2, cold vulnerability 1, float, innate
caster, HP casting, extra vitality 1
a: no special abilities


You were on level 2 of the Dungeon.
You visited 1 branch of the dungeon, and saw 2 of its levels.

You collected 29 gold pieces.


Innate Abilities, Weirdness & Mutations

You are immune to sickness and miasma.
You are immune to poison.
Your flesh is very heat resistant. (rF++)
You are vulnerable to cold. (rC-)
You float through the air rather than walking.
You learn spells naturally, not from books.
Your magical power is your life essence.
You have superior vitality. (+4 MHP)


   Skills:
 + Level 2.3 Fighting
 - Level 4.0 Ranged Weapons
 - Level 2.1 Dodging
 - Level 0.7 Stealth


You knew the following spells:

 Your Spells              Type           Power      Damage    Failure   Level
a - Sandblast             Erth           0%         2d4       45%         1
Your spell library was empty.

Inventory:

Hand Weapons
 a - a +0 shortbow (weapon)
Armour
 c - a +0 leather armour (worn)
Scrolls
 b - a scroll of identify
Potions
 e - a potion of enlightenment {unknown}

Dungeon Overview and Level Annotations

Branches:
Dungeon (2/15)

Altars:

Shops:
D:1 :


Message History

It is a scroll of identify.
622 ||| IDENTIFYING glowing amethyst potion
d - a potion of berserk rage Done exploring.
623 ||| DROPPING potion of berserk rage.
You drop a potion of berserk rage.
You hear a splash.
Done exploring.
What level of the Dungeon? (default 1, ? - help)
There is an open door here.
There is a stone staircase leading down here.
You fly downwards.
There is a stone staircase leading up here.
Waypoint 1 assigned to D:2.
Found 9 stones.
b - a scroll of identify You see here 9 stones.
A rat comes into view.
You shoot an arrow. The arrow hits the rat.
You kill the rat!
A quokka comes into view.
Found a potion of berserk rage.
You see here 3 scrolls of identify.
You shoot an arrow. The arrow hits the quokka!
You kill the quokka!
You hear a shout!
A gnoll comes into view. It is wielding a +0 halberd.
A goblin comes into view. It is wielding a +0 club.
You shoot an arrow. The arrow completely misses the gnoll.
The gnoll hits you from afar with a +0 halberd.
A hobgoblin comes into view.
You shoot an arrow. The hobgoblin shouts!
The arrow hits the gnoll but does no damage.
The gnoll closely misses you.
You shoot an arrow. The arrow barely misses the goblin.
The gnoll hits you from afar with a +0 halberd!
The goblin hits you with a +0 club. The goblin closely misses you.
The gnoll hits you from afar with a +0 halberd!
You die...

# ### #. ..# #. #.#
#.. ### #.# #..# ..
#.# #...#. ###.####
#.##g## #......#
#.#.@.# #.##.#.#
#.##.#g.# #.##.#.#
#...## #g.! #....#.#
#.(#....###.
#.####.######..####.#
#.####.............#
#......#####.....###
#.###### #####.....
#.# ......


You could see a gnoll, a hobgoblin and a goblin.

Vanquished Creatures
  4 endoplasms (D:1)
  3 goblins (D:1)
  5 hobgoblins (D:1)
  4 kobolds (D:1)
  A quokka (D:2)
  3 ball pythons (D:1)
  A bat (D:1)
  2 frilled lizards (D:1)
  3 rats
26 creatures vanquished.

Notes
Turn   | Place    | Note
-------+----------+-------------------------------------------
     0 | D:1      | qw the Djinni Hunter began the quest for the Orb.
     0 | D:1      | Reached XP level 1. HP: 18/18 MP: 0/0
     0 | D:1      | 0 ||| qw: Version: 0.3-a-134-g2ba4250
     0 | D:1      | 0 ||| qw: Game counter: 706
     0 | D:1      | 0 ||| qw: Melee chars always use a shield: true
     0 | D:1      | 0 ||| qw: God list: Okawaru
     0 | D:1      | 0 ||| qw: Allow faded altars: false
     0 | D:1      | 0 ||| qw: Do Orc after clearing Dungeon:15 true
     0 | D:1      | 0 ||| qw: Do second Lair branch before Depths: true
     0 | D:1      | 0 ||| qw: Lair rune preference: random
     0 | D:1      | 0 ||| qw: Goals: Normal
     0 | D:1      | 0 ||| PLANNING D:1-11
    85 | D:1      | Reached XP level 2. HP: 23/23 MP: 0/0
   117 | D:1      | Found Haygux's Book Shop.
   127 | D:1      | 127 ||| DROPPING scroll of butterflies.
   315 | D:1      | Reached skill level 4 in Ranged Weapons
   315 | D:1      | Reached XP level 3. HP: 28/28 MP: 0/0
   315 | D:1      | Learned a level 1 spell: Sandblast
   622 | D:1      | 622 ||| READING scroll labelled CEFUTUS KAUHU.
   622 | D:1      | 622 ||| IDENTIFYING glowing amethyst potion
   623 | D:1      | 623 ||| DROPPING potion of berserk rage.
   738 | D:2      | Slain by a gnoll

Levels and vault maps discovered:
D:1:      eino_arrival_cavern_b, layout_basic, serial_shops,
          nicolae_book_shop_shelving, dreamdust_princess_corridor
D:2:      layout_loops_cross, hellmonk_ecumenical_altar_pennies_from_heaven,
          basic_altar, minmay_pentomino_pile

Skill      XL: |  1  2 |
---------------+-------+-----
Ranged Weapons | 4 |  4.0
Fighting       | |  2.3
Dodging        | |  2.1
Stealth        | |  0.7

Action                     || total
---------------------------++-------
   Fire: Shortbow          ||    62
    Use: Scroll            ||     1
 Armour: Leather armour    ||     8
  Dodge: Dodged            ||     6

Table legend:
 A = Non-vault XP
 B = Vault XP
 C = Vault XP percentage of total XP
 D = Non-vault monster count
 E = Vault monster count
 F = Vault count percentage of total count
                 A         B        C        D         E       F
            +---------+---------+-------+---------+---------+-------
      Total |      39 |       3 |   7.1 |      24 |       2 |   7.7
            +---------+---------+-------+---------+---------+-------
        D:1 |      39 |       0 |   0.0 |      24 |       0 |   0.0
        D:2 |       0 |       3 | 100.0 |       0 |       2 | 100.0
            +---------+---------+-------+---------+---------+-------
